 Dungeon Crawl Stone Soup version 0.26-b1-25-gafae2e710b (webtiles) character file.

Game seed: 17177883038518272502

88 teolandon225 the Sneak (level 4, -5/21 HPs)
             Began as a Spriggan Enchanter on Jan 4, 2021.
             Killed from afar by an orc wizard (6 damage)
             ... with a magic dart
             ... on level 2 of the Dungeon.
             The game lasted 00:08:18 (2524 turns).

teolandon225 the Sneak (Spriggan Enchanter)         Turns: 2524, Time: 00:08:19

Health: -5/21      AC:  2    Str:  4    XL:     4   Next: 29%
Magic:  6/9        EV: 19    Int: 16    God:
Gold:   111        SH:  0    Dex: 17    Spells: 0/9 levels left

rFire    . . .     SeeInvis +   l - +0 dagger (speed)
rCold    . . .     Faith    .   (shield restricted)
rNeg     . . .     Spirit   .   b - +0 robe
rPois    .         Reflect  .   (helmet restricted)
rElec    .         Harm     .   (no cloak)
rCorr    .         Rampage  .   (gloves unavailable)
Will     .....                  (boots unavailable)
Stlth    +++.......             (no amulet)
HPRegen  0.07/turn              (no ring)
MPRegen  0.11/turn              (no ring)

@: very quick
A: very small, unfitting armour, see invisible, speed 3
a: no special abilities


You were on level 2 of the Dungeon.
You visited 1 branch of the dungeon, and saw 2 of its levels.

You collected 111 gold pieces.

Inventory:

Hand Weapons
 a - a +1 dagger
 l - a +0 dagger of speed (weapon)
Armour
 b - a +0 robe (worn)
Scrolls
 c - a scroll of fog {unknown}
 e - 2 scrolls of enchant weapon {unknown}
 g - 3 scrolls of magic mapping {unknown}
 h - 2 scrolls of identify {unknown}
 i - 2 scrolls of remove curse {unknown}
 j - a scroll of immolation {unknown}
 m - 2 scrolls of teleportation {unknown}
Potions
 d - 3 potions of curing {unknown}
 f - a potion of resistance {unknown}
 k - a potion of brilliance {unknown}


   Skills:
 + Level 0.8 Fighting
 * Level 2.4 Short Blades
 + Level 3.5 Dodging
 * Level 5.6 Stealth
 + Level 3.1 Spellcasting
 + Level 4.0 Hexes


You couldn't memorise any spells.
You knew the following spells:

 Your Spells              Type           Power        Failure   Level
a - Confusing Touch       Hex            15%          11%         3
b - Corona                Hex            16%          3%          1
c - Tukima's Dance        Hex            15%          11%         3
d - Ensorcelled Hibernat  Hex/Ice        18%          12%         2

Your spell library contained the following spells:

 Spells                   Type           Power        Failure   Level
 Dazzling Flash           Conj/Hex       18%          24%         3


Dungeon Overview and Level Annotations

Branches:
Dungeon (2/15)

Altars:
Sif Muna
Yredelemnul
The Shining One


Innate Abilities, Weirdness & Mutations

You are very small and have problems with some larger weapons.
You are too small for most types of armour.
You have supernaturally acute eyesight. (SInv)
You cover ground extremely quickly.


Message History

The orc wizard mumbles some strange words.
The orc wizard blinks!
Aiming: Ensorcelled Hibernation (safe; 12% risk of failure)
Press: ? - help, Q - select action, (/) - cycle Shift-Dir - straight line, f/p - orc wizard
Aim: an orc wizard, wielding a +0 dagger and wearing a +0 robe (fast, chance to affect: 40%)
The orc wizard looks drowsy...
The orc wizard barely misses you.
You hit the orc wizard but do no damage.
The orc wizard closely misses you.
You hit the orc wizard but do no damage.
The orc wizard casts a spell at you. The magic dart hits you!
You hit the orc wizard but do no damage.
The orc wizard completely misses you.
The orc wizard gestures at you while chanting.
The magic dart hits you!
* * * LOW HITPOINT WARNING * * *
The orc wizard points at you and mumbles some strange words.
The magic dart hits you.
You die...

##.....#........#..(.(รท.
#(.....#........#.......
#...............##.....#
#...............###...##
#.#####o.....#### #####
### #.####.######...##
#.# #....##.....# ###
##.## #....#.......
#.####.@.###....#....)..
#......_..).....#...(...
#..###...####...##.....#
#..# ##.## #...###...##
#..# #.# #.### #####.
#..####.# #.# #.
#.......#####.# #.
###.#..<.#....# #
#.#.........#


You could see an orc wizard (fast).

Vanquished Creatures
  Terence (D:2)
  2 adders (D:2)
  A worm (D:2)
  4 dart slugs
  A leopard gecko (D:2)
  2 orcs (D:2)
  2 ball pythons (D:2)
  3 bats
  5 goblins
  3 hobgoblins (D:2)
  3 frilled lizards (D:2)
  3 kobolds
  4 rats (D:2)
34 creatures vanquished.

Notes
Turn   | Place    | Note
-------+----------+-------------------------------------------
     0 | D:1      | teolandon225 the Spriggan Enchanter began the quest for the
                  | Orb.
     0 | D:1      | Reached XP level 1. HP: 9/9 MP: 5/5
   469 | D:1      | Reached XP level 2. HP: 13/13 MP: 4/6
   472 | D:1      | Learned a level 2 spell: Ensorcelled Hibernation
   668 | D:2      | Found a basalt altar of Yredelemnul.
   775 | D:2      | Noticed Terence
   848 | D:2      | Killed Terence
   849 | D:2      | Reached skill level 5 in Stealth
   849 | D:2      | Reached XP level 3. HP: 13/17 MP: 1/8
  1397 | D:2      | Reached XP level 4. HP: 21/21 MP: 3/9
  1406 | D:2      | Learned a level 3 spell: Confusing Touch
  1410 | D:2      | Learned a level 3 spell: Tukima's Dance
  1959 | D:2      | Found a glowing golden altar of the Shining One.
  1972 | D:2      | Found a shimmering blue altar of Sif Muna.
  2522 | D:2      | HP: 1/21 [orc wizard/magic dart (7)]
  2524 | D:2      | Killed from afar by an orc wizard

Illustrated notes

Levels and vault maps discovered:
D:1:      mrwooster_arrival_statue, layout_rooms
D:2:      kennysheep_six_static_rooms, layout_basic,
          nicolae_overflow_crystal_walls, grunt_temple_overflow_open,
          nrook_mini_vaults, uniq_terence

Skill      XL: |  1  2  3 |
---------------+----------+-----
Short Blades   | 2 |  2.4
Stealth        | 5 |  5.6
Spellcasting   | 3 |  3.1
Hexes          | 4 |  4.0
Fighting       | |  0.8
Dodging        | |  3.5

Action                   |  1- 3 |  4- 6 || total
-------------------------+-------+-------++-------
Melee: Dagger            |    63 |    55 ||   118
 Cast: Corona            |     2 |       ||     2
       Ensorcelled Hiber |    15 |    18 ||    33
       Tukima's Dance    |       |     1 ||     1
       Confusing Touch   |       |     1 ||     1
 Stab: Sleeping          |    12 |     9 ||    21
Armor: Robe              |     5 |       ||     5
Dodge: Dodged            |    35 |    24 ||    59
